Map: Divergence LE

Players

Drifter

  • Race: Protoss Protoss
  • League: Silver
  • Spawn Location: 11:00

JYL

  • Race: Terran Terran
  • Spawn Location: 11:00

Massa

  • Race: Terran Terran
  • League: Gold
  • Spawn Location: 5:00

qqq

  • Race: Zerg Zerg
  • League: Platinum
  • Spawn Location: 5:00

VOD

Have the link to the VOD?

Description

Time

  • Played on: July 25, 2020, 5:43 a.m.
  • Length: 11:44
Show
View Real Time Build Order
Export as new Build Order

Drifter Protoss 

Build Orders:  

Get SALT Encoding   

  12  0:00  Probe  
  13  0:08  Probe  
  14  0:19  Probe, Pylon  
  15  0:38  Gateway  
  15  0:39  Probe  
  16  0:51  Probe, Assimilator  
  17  1:03  Probe  
  18  1:15  Gateway  
  18  1:19  Probe  
  18  1:21  Zealot  
  18  1:25  Cybernetics Core  
  19  1:30  Pylon  
  21  1:38  Probe  
  22  1:41  Assimilator  
  22  1:50  Probe  
  22  1:53  Warp Gate  
  23  1:55  Pylon  
  23  1:56  Zealot  
  25  2:01  Stalker  
  27  2:15  Probe  
  28  2:27  Probe  
  28  2:28  Stalker  
  31  2:31  Stalker  
  35  3:32  Gateway  
  31  3:52  Stalker x2  
  35  4:03  Gateway  
  35  4:05  Gateway  
  35  4:09  Robotics Facility  
  35  4:10  Robotics Facility  
  35  4:20  Pylon  
  35  4:22  Pylon  
  35  4:24  Pylon  
  35  4:38  Pylon  
  35  4:40  Stalker x3  
  41  4:53  Twilight Council  
  41  5:00  Stalker  
  43  5:14  Observer  
  44  5:18  Immortal  
  44  5:57  Immortal  
  44  6:01  Pylon  
  44  6:03  Immortal  
  52  6:11  Observer  
  52  6:36  Immortal  
  56  6:52  Nexus  
  56  6:56  Assimilator  
  56  7:00  Assimilator  
  56  7:23  Stalker x2  
  56  7:24  Stalker x3  
  65  8:16  Observer  
  65  8:18  Nexus  
  66  8:20  Pylon  
  66  8:27  Blink  
  66  8:41  Forge  
  66  8:44  Forge  
  61  9:36  Probe, Assimilator  
  62  9:41  Probe  
  62  9:42  Probe  
  64  9:49  Probe x2  
  64  9:50  Probe  
  65  9:58  Probe  
  67  10:01  Probe  
  69  10:10  Probe  
  69  10:13  Probe  
  71  10:23  Probe  
  71  10:24  Templar Archives  
  71  10:25  Probe  
  73  10:32  Stalker x3  
  79  10:37  Probe x2  
  81  10:49  Probe  
  82  11:01  Probe  
Show
View Real Time Build Order
Export as new Build Order

JYL Terran 

Build Orders:  

Get SALT Encoding   

  12  0:01  SCV  
  13  0:13  SCV  
  14  0:18  Supply Depot  
  14  0:25  SCV  
  15  0:40  SCV  
  15  0:41  Barracks  
  16  0:46  Refinery  
  16  0:52  SCV  
  17  1:04  SCV  
  18  1:22  Supply Depot  
  18  1:31  Refinery, Orbital Command  
  18  1:38  Bunker  
  18  1:48  Bunker  
  18  1:52  Marine  
  19  1:57  SCV  
  20  2:02  Factory  
  20  2:09  SCV  
  20  2:10  Marine  
  22  2:27  Barracks  
  22  2:28  SCV  
  22  2:29  Barracks Reactor  
  23  2:40  SCV  
  22  3:12  Marine x2  
  21  3:16  Factory Tech Lab  
  22  3:24  SCV  
  22  3:25  Starport  
  23  3:30  Marine x2  
  25  3:36  SCV  
  26  3:44  Siege Tank  
  26  3:46  Barracks Tech Lab  
  30  3:55  SCV  
  30  3:56  Command Center  
  30  4:12  Supply Depot  
  30  4:33  Medivac  
  31  4:41  Marine x2  
  31  4:42  Marine  
  31  4:45  Siege Tank  
  37  5:04  Stimpack  
  37  5:12  Marine x2  
  37  5:13  Marine  
  40  5:15  Liberator  
  43  5:23  Supply Depot  
  42  5:30  Siege Tank  
  43  5:48  Marine x3  
  42  6:00  Barracks  
  42  6:02  Orbital Command, Barracks  
  42  6:07  Marine  
  42  6:09  SCV  
  44  6:54  Barracks Reactor, Barracks Tech Lab  
  44  6:58  SCV x2  
  44  6:59  Engineering Bay, Siege Tank  
  44  7:00  Engineering Bay, Combat Shield  
  44  7:01  Marine x2  
  49  7:02  Starport Reactor  
  51  7:10  SCV x2  
  53  7:21  Marine x2  
  53  7:22  Concussive Shells  
  54  7:31  Supply Depot  
  54  7:47  Terran Infantry Armor Level 1, Terran Infantry Weapons Level 1  
  54  7:51  Supply Depot  
  54  7:52  Marauder, Supply Depot  
  56  7:59  Marine x4  
  56  8:01  Marauder  
  62  8:19  Marine x4  
  64  8:21  Siege Tank  
  64  8:22  Medivac  
  71  8:28  SCV x2  
  73  8:37  Marauder x2  
  77  8:42  Armory  
  77  8:47  Supply Depot  
  75  9:25  Marine x4  
  79  9:32  Orbital Command, Supply Depot  
  79  9:33  Supply Depot  
  79  9:53  Viking  
  79  9:54  SCV, Marauder x2  
  79  9:55  Marine x2, Viking  
  90  10:02  SCV  
  90  10:06  SCV  
  92  10:15  SCV  
  93  10:33  Marine  
  94  10:38  Supply Depot  
  94  10:39  Supply Depot  
  94  10:54  Missile Turret  
  94  10:56  Marauder, Marine  
  94  10:59  Marine x3, Missile Turret  
  94  11:00  SCV x2, Siege Tank  
  102  11:12  SCV x2  
Show
View Real Time Build Order
Export as new Build Order

Massa Terran 

Build Orders:  

Get SALT Encoding   

  12  0:02  SCV  
  13  0:14  SCV  
  14  0:26  SCV, Supply Depot  
  15  0:47  SCV  
  15  0:48  Barracks  
  16  0:56  Barracks  
  16  1:11  Barracks  
  16  1:23  SCV  
  17  1:35  Marine  
  17  1:36  SCV  
  19  1:42  Barracks  
  19  1:44  Marine  
  20  1:53  Marine  
  21  2:01  Marine, Supply Depot  
  22  2:10  Marine  
  23  2:22  Bunker  
  23  2:23  Marine  
  23  2:28  Marine  
  25  2:30  Marine  
  26  2:40  Marine  
  27  2:46  Marine  
  27  2:48  Marine  
  27  2:58  Marine  
  27  3:04  Marine  
  29  3:05  Marine  
  27  3:16  Marine  
  27  3:20  SCV  
  27  3:22  Marine  
  27  3:23  Refinery, Marine  
  30  3:33  SCV  
  30  3:34  Marine  
  31  3:47  Supply Depot  
  31  3:49  Supply Depot  
  31  4:08  Marine x3  
  34  4:26  Marine x3  
  37  4:44  Marine x2  
  39  4:53  Factory  
  39  5:01  Bunker  
  39  5:06  Barracks Reactor, Barracks Tech Lab  
  39  5:07  Marine  
  40  5:25  Marine  
  37  5:40  Marauder  
  39  5:43  Marine  
  31  5:52  Factory Tech Lab  
  31  5:59  Supply Depot  
  31  6:00  Marine  
  31  6:01  Marauder  
  34  6:12  Barracks Tech Lab  
  34  6:18  Marine  
  34  6:20  Refinery  
  37  6:31  Marauder, Marine x2  
  41  6:35  Marine  
  41  6:36  Marine  
  41  6:46  Supply Depot  
  41  6:54  Orbital Command  
  41  7:02  Marine  
  41  7:04  Marauder, Marine  
  37  7:25  Marine  
  35  7:38  Engineering Bay  
  35  7:42  Command Center  
  35  7:46  SCV  
  36  7:57  Marine  
  37  7:59  SCV  
  37  8:01  Stimpack  
  38  8:11  SCV  
  39  8:17  Factory  
  39  8:22  Supply Depot  
  39  8:27  Supply Depot  
  34  8:43  SCV, Marine  
  34  8:45  Missile Turret, Supply Depot  
  36  8:48  Supply Depot  
  36  8:55  SCV  
  36  9:01  Factory Tech Lab, Marine  
  38  9:07  Missile Turret  
  38  9:11  Orbital Command  
  38  9:17  SCV  
  38  9:19  Marine  
  40  9:27  Siege Tank  
  43  9:36  Marine  
  44  9:43  Terran Infantry Armor Level 1  
  44  9:55  Marauder, Missile Turret  
  44  9:59  Missile Turret  
  48  10:00  Widow Mine  
  48  10:16  Marauder  
  50  10:22  SCV x2  
  52  10:34  SCV x2  
  54  10:46  SCV, Armory  
  54  10:47  SCV, Siege Tank  
  59  10:56  Concussive Shells  
  59  10:58  Barracks Reactor  
  59  11:01  Barracks Tech Lab  
Show
View Real Time Build Order
Export as new Build Order

qqq Zerg 

Build Orders: Pool First 

Get SALT Encoding   

  12  0:21  Spawning Pool  
  12  0:24  Drone  
  12  0:29  Drone  
  12  0:31  Drone  
  14  1:00  Hatchery  
  13  1:06  Overlord  
  13  1:08  Drone  
  14  1:17  Overlord  
  14  1:27  Zergling x2  
  14  1:32  Extractor  
  14  1:34  Queen  
  14  1:39  Zergling x2  
  17  1:42  Zergling x2  
  18  1:51  Zergling x2  
  19  2:02  Zergling x2  
  20  2:13  Zergling x2  
  21  2:16  Drone  
  22  2:23  Zergling x2  
  22  2:24  Drone  
  24  2:33  Zergling x2  
  24  2:34  Drone  
  25  2:59  Zergling x6  
  25  3:00  Zergling x2  
  25  3:01  Drone x2  
  28  3:15  Drone, Zergling x2  
  30  3:24  Drone  
  30  3:26  Roach Warren  
  30  3:37  Drone, Zergling x2  
  30  3:38  Drone  
  33  3:50  Drone x2  
  33  3:54  Metabolic Boost, Overlord  
  35  3:56  Overlord x2  
  35  3:59  Overlord  
  35  4:10  Lair  
  35  4:13  Roach  
  35  4:15  Roach  
  39  4:23  Drone x3  
  42  4:27  Pneumatized Carapace  
  42  4:38  Zergling x8  
  46  4:48  Drone x2  
  48  5:04  Roach x3  
  48  5:05  Drone  
  55  5:16  Overseer  
  55  5:18  Drone x2  
  55  5:19  Zergling x2  
  56  5:39  Hatchery  
  49  5:43  Roach x4  
  49  5:44  Drone x2  
  58  5:59  Extractor  
  57  6:06  Drone x3  
  60  6:14  Drone x3  
  60  6:17  Extractor  
  62  6:21  Roach  
  64  6:38  Nydus Network  
  63  6:51  Glial Reconstitution  
  31  7:23  Spore Crawler  
  31  7:26  Drone  
  31  7:27  Drone x3  
  33  7:30  Zergling x2  
  33  7:35  Spore Crawler  
  33  7:36  Drone x3  
  34  7:56  Drone x2  
  36  8:01  Hatchery, Zergling x4  
  36  8:03  Hatchery  
  36  8:06  Zergling x8  
  36  8:07  Hatchery  
  36  8:08  Drone x2  
  36  8:09  Drone x2  
  36  8:11  Hatchery  
  42  8:13  Drone  
  42  8:19  Drone  
  45  8:20  Drone  
  45  8:21  Hatchery  
  44  8:36  Drone x3  
  44  8:37  Drone x2  
  44  8:38  Spire  
  48  8:44  Nydus Canal  
  48  8:47  Drone x3  
  48  8:48  Drone  
  52  8:49  Roach  
  52  8:55  Extractor  
  44  9:33  Zergling x4  
  44  9:34  Zergling x2  
  44  9:35  Drone x3  
  44  9:36  Drone x8  
  44  9:37  Drone x5  
  63  9:50  Mutalisk  
  63  9:51  Drone x2  
  63  9:52  Drone x7  
  74  9:55  Spore Crawler  
  74  9:56  Spine Crawler  
  72  10:00  Drone x4  
  72  10:01  Drone x2  
  78  10:10  Extractor  
  77  10:14  Mutalisk x2  
  81  10:26  Drone x3  
  81  10:27  Hatchery, Drone x7  
  81  10:28  Drone, Overlord x2  
  91  10:29  Overlord x4  
  91  10:30  Overlord x2  
  88  10:41  Mutalisk  
  86  10:52  Drone  
  86  10:53  Drone x4  
  86  10:54  Drone x7  
  86  10:55  Drone  
  86  10:56  Spore Crawler  
  98  10:57  Spine Crawler x2  
  98  11:00  Spine Crawler, Spore Crawler  
  98  11:01  Spine Crawler  
  90  11:05  Roach  
  90  11:06  Roach x3  
  90  11:07  Roach x7  
  90  11:08  Roach  
  114  11:18  Mutalisk  
  116  11:27  Zergling x4  
  116  11:28  Drone  
Tags
 
Add a new tag
Caveats
  • Supply blocks, unpowered buildings, or Contaminate may cause inaccurate times.
  • Supply counts are checked every 10 seconds.